MLB
SAN DIEGO PADRES @ PHILADELPHIA PHILLIES
07/20/2018
 
TOP OF THE 1ST
San Diego Padres batting - Pitching for Philadelphia Phillies : LHP David Price
Pitching: LHP David Price
Batting: RHB Lorenzo Cain 0-0: Ball
1-0: Foul Ball, location: 2F
1-1: Called Strike
1-2: Reached on error, E5 (Groundball, 56S)
Batting: RHB Jose Altuve 0-0: Called Strike
0-1: Fly out, F7 (Line Drive, 7)
Batting: RHB Mitch Haniger 0-0: Foul Ball, location: 2F
0-1: Ball
1-1: Ball
2-1: Called Strike
2-2: Fly out, F9 (Flyball, 89S)
Batting: SHB Carlos Santana 0-0: Called Strike
0-1: Fly out, F7 (Line Drive, 7)
Top of the 1st over - 0 runs, 0 hits, 1 error, 1 left on base; San Diego 0 - Philadelphia 0
BOTTOM OF THE 1ST
Philadelphia Phillies batting - Pitching for San Diego Padres : RHP Justin Verlander
Pitching: RHP Justin Verlander
Batting: LHB Leonys Martin 0-0: Called Strike
0-1: Ball
1-1: Fly out, F7 (Flyball, 7)
Batting: RHB Todd Frazier 0-0: Ball
1-0: Called Strike
1-1: Ball
2-1: Foul Ball, location: 2F
2-2: Foul Ball, location: 2F
2-2: Foul Ball, location: 2F
2-2: Strikes out swinging
Batting: RHB Giancarlo Stanton 0-0: Ball
1-0: Called Strike
1-1: Swinging Strike
1-2: Strikes out looking
Bottom of the 1st over - 0 runs, 0 hits, 0 errors, 0 left on base; San Diego 0 - Philadelphia 0
TOP OF THE 2ND
San Diego Padres batting - Pitching for Philadelphia Phillies : LHP David Price
Batting: SHB Freddy Galvis 0-0: Fly out, F8 (Line Drive, 8LM)
Batting: LHB Mike Moustakas 0-0: Foul Ball, location: 2F
0-1: Ball
1-1: DOUBLE (Flyball, 78XD)
Batting: RHB Russell Martin 0-0: Foul Ball, location: 2F
0-1: Ball
1-1: Fly out, F7 (Flyball, 7)
Batting: LHB David Peralta 0-0: Called Strike
0-1: Ball
1-1: Foul Ball, location: 2F
1-2: Ground out 5-3 (Groundball, 56)
Top of the 2nd over - 0 runs, 1 hit, 0 errors, 1 left on base; San Diego 0 - Philadelphia 0
BOTTOM OF THE 2ND
Philadelphia Phillies batting - Pitching for San Diego Padres : RHP Justin Verlander
Batting: LHB Justin Bour 0-0: Fly out, F9 (Flyball, 9S)
Batting: LHB Kole Calhoun 0-0: Ball
1-0: Foul Ball, location: 2F
1-1: Swinging Strike
1-2: Strikes out swinging
Batting: RHB Carson Kelly 0-0: Ball
1-0: Ball
2-0: Ground out 6-3 (Groundball, 6M)
Bottom of the 2nd over - 0 runs, 0 hits, 0 errors, 0 left on base; San Diego 0 - Philadelphia 0
TOP OF THE 3RD
San Diego Padres batting - Pitching for Philadelphia Phillies : LHP David Price
Batting: RHB Justin Verlander 0-0: Fly out, F9 (Flyball, 9S)
Batting: RHB Lorenzo Cain 0-0: Called Strike
0-1: Reached on error, E5 (Groundball, 56)
Batting: RHB Jose Altuve 0-0: Called Strike
0-1: SINGLE (Flyball, 89M)
Lorenzo Cain to third
Batting: RHB Mitch Haniger 0-0: Foul Ball, location: 2F
0-1: Ball
1-1: Ball
2-1: Ball
3-1: Fly out, F8 (Line Drive, 8RD)
Runner from 3rd tags up, OUT at HOME! 8-2
Top of the 3rd over - 0 runs, 1 hit, 1 error, 1 left on base; San Diego 0 - Philadelphia 0
BOTTOM OF THE 3RD
Philadelphia Phillies batting - Pitching for San Diego Padres : RHP Justin Verlander
Batting: RHB Scott Kingery 0-0: Swinging Strike
0-1: Ball
1-1: Foul Ball, location: 2F
1-2: Strikes out swinging
Batting: RHB Amed Rosario 0-0: Ball
1-0: Called Strike
1-1: SINGLE (Groundball, 6MD)
Batting: LHB David Price 0-0: Ball
1-0: Sac Bunt to 2R - play at first, batter OUT! 2-4
Amed Rosario to second
Batting: LHB Leonys Martin 0-0: DOUBLE (Line Drive, 3D)
Amed Rosario scores
Pinch Runner at 2nd Delino DeShields Jr.:
Batting: RHB Todd Frazier 0-0: Called Strike
0-1: Called Strike
0-2: SINGLE (Flyball, 7S) - OUT at second base trying to stretch hit.
Delino DeShields Jr. scores
Bottom of the 3rd over - 2 runs, 3 hits, 0 errors, 0 left on base; San Diego 0 - Philadelphia 2
TOP OF THE 4TH
San Diego Padres batting - Pitching for Philadelphia Phillies : LHP David Price
Now in CF: Delino DeShields Jr.
Batting: SHB Carlos Santana 0-0: Called Strike
0-1: Ground out 5-3 (Groundball, 56)
Batting: SHB Freddy Galvis 0-0: Ball
1-0: Ground out 1-3 (Groundball, 13)
Batting: LHB Mike Moustakas 0-0: Called Strike
0-1: Foul Ball, location: 2F
0-2: Ball
1-2: Strikes out looking
Top of the 4th over - 0 runs, 0 hits, 0 errors, 0 left on base; San Diego 0 - Philadelphia 2
BOTTOM OF THE 4TH
Philadelphia Phillies batting - Pitching for San Diego Padres : RHP Justin Verlander
Batting: RHB Giancarlo Stanton 0-0: Ball
1-0: DOUBLE (Groundball, 3L)
Batting: LHB Justin Bour 0-0: Ball
1-0: Fly out, F8 (Line Drive, 8LM)
Batting: LHB Kole Calhoun 0-0: Called Strike
0-1: Swinging Strike
0-2: Ball
1-2: Strikes out looking
Batting: RHB Carson Kelly 0-0: Called Strike
0-1: Foul Ball, location: 2F
0-2: Ball
1-2: Foul Ball, location: 2F
1-2: Ball
2-2: Ball
3-2: Foul Ball, location: 2F
3-2: SINGLE (Groundball, 6MD)
Giancarlo Stanton to third
Giancarlo Stanton scores
Batting: RHB Scott Kingery 0-0: Foul Ball, location: 2F
0-1: Fly out, F8 (Flyball, 8RXD)
Bottom of the 4th over - 1 run, 2 hits, 0 errors, 1 left on base; San Diego 0 - Philadelphia 3
TOP OF THE 5TH
San Diego Padres batting - Pitching for Philadelphia Phillies : LHP David Price
Batting: RHB Russell Martin 0-0: Ball
1-0: Foul Ball, location: 2F
1-1: Ball
2-1: Ball
3-1: Foul Ball, location: 2F
3-2: Strikes out swinging
Batting: LHB David Peralta 0-0: Called Strike
0-1: Ground out 5-3 (Groundball, 5)
Batting: RHB Justin Verlander 0-0: Ball
1-0: Swinging Strike
1-1: Called Strike
1-2: Foul Ball, location: 2F
1-2: Strikes out looking
Top of the 5th over - 0 runs, 0 hits, 0 errors, 0 left on base; San Diego 0 - Philadelphia 3
BOTTOM OF THE 5TH
Philadelphia Phillies batting - Pitching for San Diego Padres : RHP Justin Verlander
Batting: RHB Amed Rosario 0-0: Called Strike
0-1: Foul Ball, location: 2F
0-2: Foul Ball, location: 2F
0-2: Ball
1-2: SINGLE (Line Drive, 8RS)
Batting: LHB David Price 0-0: Sac Bunt to 2R - play at second, runner OUT! 2-6
Batting: RHB Delino DeShields Jr. 0-0: Ball
1-0: Fly out, F9 (Flyball, 9)
Batting: RHB Todd Frazier 0-0: Swinging Strike
0-1: 2-RUN HOME RUN (Flyball, 7D), Distance : 380 ft
Batting: RHB Giancarlo Stanton 0-0: Called Strike
0-1: Foul Ball, location: 2F
0-2: Ball
1-2: Ball
2-2: Foul Ball, location: 2F
2-2: Foul Ball, location: 2F
2-2: Ball
3-2: Strikes out swinging
Bottom of the 5th over - 2 runs, 2 hits, 0 errors, 0 left on base; San Diego 0 - Philadelphia 5
TOP OF THE 6TH
San Diego Padres batting - Pitching for Philadelphia Phillies : LHP David Price
Batting: RHB Lorenzo Cain 0-0: Ball
1-0: SINGLE (Groundball, 5D)
Batting: RHB Jose Altuve 0-0: Foul Ball, location: 2F
0-1: Fly out, F7 (Flyball, 78M)
Batting: RHB Mitch Haniger 0-0: Swinging Strike
0-1: Foul Ball, location: 2F
0-2: Foul Ball, location: 2F
0-2: Foul Ball, location: 2F
0-2: Ball
1-2: Ball
2-2: Ball
3-2: Base on Balls
Lorenzo Cain to second
Batting: SHB Carlos Santana 0-0: 3-RUN HOME RUN (Flyball, 8LXD), Distance : 406 ft
Batting: SHB Freddy Galvis 0-0: Called Strike
0-1: Ball
1-1: Foul Ball, location: 2F
1-2: Strikes out swinging
Batting: LHB Mike Moustakas 0-0: Ball
1-0: Ground out 1-3 (Groundball, 34S)
Top of the 6th over - 3 runs, 2 hits, 0 errors, 0 left on base; San Diego 3 - Philadelphia 5
BOTTOM OF THE 6TH
Philadelphia Phillies batting - Pitching for San Diego Padres : RHP Justin Verlander
Batting: LHB Justin Bour 0-0: Called Strike
0-1: Foul Ball, location: 2F
0-2: Ball
1-2: Ground out 6-3 (Groundball, 4)
Batting: LHB Kole Calhoun 0-0: Ground out 6-3 (Groundball, 4)
Batting: RHB Carson Kelly 0-0: Fly out, F8 (Line Drive, 8RM)
Bottom of the 6th over - 0 runs, 0 hits, 0 errors, 0 left on base; San Diego 3 - Philadelphia 5
TOP OF THE 7TH
San Diego Padres batting - Pitching for Philadelphia Phillies : LHP David Price
Pitching: RHP Bryan Shaw
Batting: RHB Russell Martin 0-0: Foul Ball, location: 2F
0-1: Ball
1-1: Ground out 5-3 (Groundball, 56)
Batting: LHB David Peralta 0-0: SINGLE (Groundball, 4D)
Pinch Hitting: RHB Jose Pirela 0-0: Ball
1-0: SINGLE (Groundball, 56D)
David Peralta to second
Pinch Runner at 2nd Juan Lagares:
Batting: RHB Lorenzo Cain 0-0: Ball
1-0: Called Strike
1-1: Called Strike
1-2: Strikes out looking
Batting: RHB Jose Altuve 0-0: Ball
1-0: Ball
2-0: Ball
3-0: Base on Balls
Juan Lagares to third
Jose Pirela to second
Batting: RHB Mitch Haniger 0-0: Called Strike
0-1: Foul Ball, location: 2F
0-2: Fielders Choice at 2nd, 5-4 (Groundball, 56)
Top of the 7th over - 0 runs, 2 hits, 0 errors, 3 left on base; San Diego 3 - Philadelphia 5
BOTTOM OF THE 7TH
Philadelphia Phillies batting - Pitching for San Diego Padres : RHP Justin Verlander
Pitching: RHP Archie Bradley
Now in RF: Juan Lagares
Batting: RHB Scott Kingery 0-0: Ball
1-0: Foul Ball, location: 2F
1-1: Swinging Strike
1-2: Ball
2-2: Strikes out swinging
Batting: RHB Amed Rosario 0-0: Ball
1-0: Swinging Strike
1-1: Ground out 5-3 (Groundball, 56)
Pinch Hitting: RHB Jesus Aguilar 0-0: Called Strike
0-1: Swinging Strike
0-2: Strikes out looking
Bottom of the 7th over - 0 runs, 0 hits, 0 errors, 0 left on base; San Diego 3 - Philadelphia 5
TOP OF THE 8TH
San Diego Padres batting - Pitching for Philadelphia Phillies : RHP Bryan Shaw
Pitching: LHP Alex Claudio
Batting: SHB Carlos Santana 0-0: Swinging Strike
0-1: Ball
1-1: Ball
2-1: Foul Ball, location: 2F
2-2: Strikes out swinging
Batting: SHB Freddy Galvis 0-0: Called Strike
0-1: Ball
1-1: Called Strike
1-2: Ball
2-2: Strikes out swinging
Batting: LHB Mike Moustakas 0-0: Ground out 6-3 (Groundball, 4M)
Top of the 8th over - 0 runs, 0 hits, 0 errors, 0 left on base; San Diego 3 - Philadelphia 5
BOTTOM OF THE 8TH
Philadelphia Phillies batting - Pitching for San Diego Padres : RHP Archie Bradley
Batting: RHB Delino DeShields Jr. 0-0: Called Strike
0-1: Foul Ball, location: 2F
0-2: Fly out, F8 (Flyball, 8RM)
Batting: RHB Todd Frazier 0-0: Ball
1-0: Foul Ball, location: 2F
1-1: Ball
2-1: Foul Ball, location: 2F
2-2: Foul Ball, location: 2F
2-2: Foul Ball, location: 2F
2-2: Ball
3-2: Foul Ball, location: 2F
3-2: Base on Balls
Batting: RHB Giancarlo Stanton 0-0: Called Strike
0-1: Called Strike
0-2: Foul Ball, location: 2F
0-2: Fielders Choice at 2nd, 1-6 (Groundball, 34S)
Pitching: LHP Mike Minor
Batting: LHB Justin Bour 0-0: Fly out, F6 (Popup, 4MD)
Bottom of the 8th over - 0 runs, 0 hits, 0 errors, 1 left on base; San Diego 3 - Philadelphia 5
TOP OF THE 9TH
San Diego Padres batting - Pitching for Philadelphia Phillies : LHP Alex Claudio
Pitching: RHP Kenley Jansen
Batting: RHB Russell Martin 0-0: Foul Ball, location: 2F
0-1: Ball
1-1: Ball
2-1: Foul Ball, location: 2F
2-2: Strikes out swinging
Batting: RHB Juan Lagares 0-0: Ground out 4-3 (Groundball, 4S)
Pinch Hitting: RHB Curt Casali 0-0: Ball
1-0: Swinging Strike
1-1: Swinging Strike
1-2: Strikes out looking
Top of the 9th over - 0 runs, 0 hits, 0 errors, 0 left on base; San Diego 3 - Philadelphia 5
Wednesday, September 26th, 2018 - OOTP Baseball 19.8 Build 79